Map: Dusk Towers

Players

Jerit - Winner!

  • Race: Zerg Zerg

VOD

Have the link to the VOD?

Description

Time

  • Played on: Nov. 19, 2015, 3:20 p.m.
  • Length: 5:04
Show
View Real Time Build Order
Export as new Build Order

Jerit Zerg - Winner!

Build Orders: Hatch First, Ravager All-In 

Get SALT Encoding   

  12  0:03  Drone  
  12  0:13  Overlord  
  12  0:20  Drone  
  12  0:32  Drone x2  
  12  0:36  Drone  
  12  0:57  Hatchery  
  12  0:58  Drone x2  
  12  1:08  Extractor  
  12  1:16  Spawning Pool  
  12  1:18  Drone  
  12  1:20  Drone  
  12  1:30  Drone  
  12  1:40  Overlord  
  12  2:03  Queen  
  12  2:09  Queen  
  12  2:11  Zergling x2  
  12  2:12  Zergling x4  
  12  2:19  Drone  
  12  2:22  Drone  
  12  2:23  Extractor  
  12  2:25  Drone  
  12  2:30  Metabolic Boost  
  12  2:31  Drone  
  12  2:34  Drone  
  12  2:48  Roach Warren  
  12  2:56  Drone  
  12  2:57  Drone  
  12  2:58  Drone x2  
  12  3:03  Drone  
  12  3:08  Overlord  
  12  3:15  Overlord x2  
  12  3:30  Roach x4  
  12  3:33  Roach  
  12  3:38  Overlord  
  12  3:40  Zergling x2  
  12  3:42  Zergling x2  
  12  3:55  Ravager x4  
  12  4:02  Zergling x12  
  12  4:07  Ravager  
  12  4:12  Zergling x4  
  12  4:16  Zergling x4  
  12  4:27  Zergling x2  
  12  4:28  Zergling x10  
  12  4:36  Overlord  
  12  4:38  Overlord  
  12  4:41  Drone  
Tags
 
Add a new tag
Caveats
  • Supply blocks, unpowered buildings, or Contaminate may cause inaccurate times.
  • Supply counts are checked every 10 seconds.